 Dungeon Crawl Stone Soup version 0.28-a0-779-g3d1f99b579 (webtiles) character file.

Game seed: 16735015472447494272

16081 funkygono the Arsonist (level 12, -10/60 HPs)
             Began as a Gargoyle Fire Elementalist on Nov 2, 2021.
             Was a Priest of Vehumet.
             Mangled by an eight-headed hydra (11 damage)
             ... on level 1 of the Lair of Beasts.
             The game lasted 00:32:16 (14672 turns).

funkygono the Arsonist (GrFE)                      Turns: 14672, Time: 00:32:17

Health: -10/60     AC: 26    Str: 18    XL:     12   Next: 33%
Magic:  21/27      EV: 11    Int: 21    God:    Vehumet [***...]
Gold:   285        SH:  5    Dex: 10    Spells: 13/33 levels left

rFire   + + .      SeeInvis .   d - +5 whip (venom)
rCold   + + .      Faith    .   (no shield)
rNeg    + . .      Spirit   .   m - +3 ring mail {rF+}
rPois   ∞          Reflect  +   B - +1 helmet
rElec   +          Harm     .   K - +1 cloak {Stlth+}
rCorr   +          Rampage  .   y - +2 pair of gloves
Will    .....                   (no boots)
Stlth   ++........              D - amulet of reflection
HPRegen 0.20/turn               i - +6 ring of strength
MPRegen 0.20/turn               v - ring of protection from cold

@: resistant
A: sickness immunity, AC +8, negative energy resistance 1, electricity
resistance, torment resistance 1, petrification resistance
a: Renounce Religion


You were on level 1 of the Lair of Beasts.
You worshipped Vehumet.
Vehumet was most pleased with you.
You visited 3 branches of the dungeon, and saw 12 of its levels.
You also visited: Sewer.

You collected 375 gold pieces.
You spent 90 gold pieces at shops.

Inventory:

Hand Weapons
 d - a +5 whip of venom (weapon)
 l - a +2 morningstar of freezing
Missiles
 c - 243 stones
 E - a throwing net
Armour
 m - a +3 ring mail of fire resistance (worn)
 y - a +2 pair of gloves (worn)
 B - a +1 helmet (worn)
 K - a +1 cloak of stealth (worn)
Magical Staves
 h - a staff of air
Jewellery
 i - a +6 ring of strength (left hand)
 v - a ring of protection from cold (right hand)
 A - a ring of ice
 D - an amulet of reflection (around neck)
 F - a +6 ring of dexterity
Wands
 j - a wand of iceblast (21)
 q - a wand of acid (5)
 I - a wand of paralysis (9)
Scrolls
 g - a scroll of teleportation
Potions
 e - 7 potions of curing
 f - 3 potions of ambrosia
 n - 4 potions of flight
 p - 4 potions of cancellation
 s - 4 potions of brilliance
 t - 3 potions of might
 u - 2 potions of mutation
 w - 4 potions of attraction
 z - a potion of magic {unknown}


   Skills:
 + Level 0.7 Fighting
 + Level 1.6 Maces & Flails
 + Level 6.7 Armour
 + Level 2.6 Dodging
 - Level 2.1 Stealth
 + Level 0.6 Shields
 + Level 11.1 Spellcasting
 + Level 8.8 Conjurations
 + Level 12.1 Fire Magic
 + Level 0.2 Evocations


You had 13 spell levels left.
You knew the following spells:

 Your Spells              Type           Power      Damage    Failure   Level
a - Foxfire               Conj/Fire      100%       2x1d9     1%          1
b - Scorch                Fire           100%       2d10      1%          2
c - Conjure Flame         Conj/Fire      54%        6-21      1%          3
d - Flame Wave            Conj/Fire      54%        3d10      1%          4
e - Sting                 Tmut/Pois      44%        1d5       10%         1
f - Lightning Bolt        Conj/Air       15%        1d29      12%         5
g - Olgreb's Toxic Radia  Pois           11%        N/A       24%         4

Your spell library contained the following spells:

 Spells                   Type           Power      Damage    Failure   Level
 Sticky Flame             Conj/Fire      54%        2d7       1%          4
 Static Discharge         Conj/Air       30%        N/A       1%          2
 Inner Flame              Hex/Fire       37%        N/A       1%          3
 Poisonous Vapours        Pois/Air       22%        N/A       4%          2
 Summon Guardian Golem    Hex/Summ       11%        N/A       28%         3
 Cause Fear               Hex            5%         N/A       67%         4
 Summon Cactus Giant      Summ           5%         N/A       100%        6
 Maxwell's Capacitive Co  Air            5%         ∞         100%        8


Dungeon Overview and Level Annotations

Branches:
Dungeon (10/15)            Temple (1/1) D:7            Lair (1/6) D:10
    Orc (0/2) D:10          Sewer (visited)

Altars:
Ashenzari
Cheibriados
Dithmenos
Elyvilon
Fedhas
Gozag
Hepliaklqana
Kikubaaqudgha
Makhleb
Nemelex Xobeh
Okawaru
Qazlal
Ru
Sif Muna
Trog
Uskayaw
Vehumet
Wu Jian
Xom
Yredelemnul
Zin
The Shining One

Shops:
D:1 !=?   D:9 [

Annotations:
D:3 1 runed translucent door, kal9871's ghost, amateur PaFi
D:9 1 runed translucent door


Innate Abilities, Weirdness & Mutations

You are immune to sickness and miasma.
Your stone body is resilient. (AC +8)
You are immune to poison.
You resist negative energy. (rN+)
You are resistant to electric shocks. (rElec)
You are resistant to unholy torment.
You are immune to petrification.


Message History

The eight-headed hydra bites you but does no damage.
The eight-headed hydra bites you.
The eight-headed hydra barely misses you.
The eight-headed hydra bites you but does no damage.
The eight-headed hydra barely misses you.
The eight-headed hydra bites you.
A wave of flame ripples out!
The flame wave engulfs the cane toad!!
The cane toad is heavily wounded.
The flame wave engulfs the eight-headed hydra!!
The eight-headed hydra is severely wounded.
You block the cane toad's attack.
The eight-headed hydra bites you but does no damage. x2
The eight-headed hydra closely misses you.
The eight-headed hydra bites you.
The eight-headed hydra barely misses you.
The eight-headed hydra bites you! x2
* * * LOW HITPOINT WARNING * * *
The eight-headed hydra bites you but does no damage.
The cane toad stings you.
* * * LOW HITPOINT WARNING * * *
A wave of flame ripples out!
The flame wave engulfs the cane toad!
The cane toad is severely wounded.
The flame wave engulfs the eight-headed hydra!!
The eight-headed hydra is almost dead.
You finish channelling waves of flame.
The eight-headed hydra bites you but does no damage. x2
The eight-headed hydra bites you.
* * * LOW HITPOINT WARNING * * *
The eight-headed hydra closely misses you.
The eight-headed hydra bites you but does no damage.
You block the eight-headed hydra's attack.
The eight-headed hydra bites you.
* * * LOW HITPOINT WARNING * * *
The eight-headed hydra bites you but does no damage.
The cane toad stings you but does no damage.
It was a potion of resistance.
You feel protected.
The eight-headed hydra bites you but does no damage.
The eight-headed hydra misses you. The eight-headed hydra bites you!
You die...

#...## #.... #### #### ####..#
########P.####..###.##..#.#.#
#...........................#
#.#####.P###.##.#÷#.##..#.#.$#
#..# #####.##.....)......#
#.P# ### #.......>÷..........
#.####.###.##F@.÷###.....##...
#.##..........D..# #..##.# #.
#..#.###.#.##....# #..# h.
#.##.####..P##.#.# #... ...
#......#.#.###...# ##
#.....)....# #.#.P
#..#....#.## #.#.##
#.......### ..#.# #....#...#
..


You could see an eight-headed hydra and a cane toad.

Vanquished Creatures
  Gastronok (D:10)
  Harold (D:7)
  A hydra (Lair:1)
  A two-headed ogre (D:10)
  Pikel (D:6)
  Maurice (D:10)
  5 cane toads
  A troll (D:10)
  Grinder (D:6)
  3 blink frogs
  3 wyverns
  2 shadows (D:9)
  4 wraiths
  21 yaks
  A fire bat (D:9)
  A basilisk (D:10)
  A two-headed ogre zombie (D:10)
  6 water moccasins
  Duvessa (D:6)
  A hornet zombie (D:6)
  2 necrophages
  2 black bears
  An ice beast (D:6)
  3 ogres
  5 centaurs
  5 wolves (Lair:1)
  5 phantoms
  2 lemures (D:6)
  A kobold brigand (Sewer)
  4 bullfrogs
  4 scorpions
  A water moccasin zombie (D:5)
  Dowan (D:6)
  A water moccasin skeleton (D:5)
  3 troll zombies (D:10)
  9 killer bees
  2 howler monkeys
  3 centaur zombies
  3 hounds
  5 orc priests
  2 gnoll shamans
  Ijyb (D:5)
  3 iguanas
  4 orc wizards
  A killer bee zombie (D:7)
  4 ogre zombies (D:10)
  A hound zombie (D:5)
  10 gnolls
  7 river rats (Sewer)
  11 adders
  An ufetubus (D:5)
  2 worms (D:3)
  An adder skeleton (D:4)
  2 dart slugs (D:2)
  21 orcs
  15 bats
  10 endoplasms
  2 giant cockroaches (D:1)
  2 goblins
  9 hobgoblins
  10 jackals
  2 quokkas
  15 ball pythons
  3 frilled lizards (D:1)
  A goblin skeleton (D:10)
  3 goblin zombies (D:10)
  4 hobgoblin skeletons (D:10)
  3 hobgoblin zombies (D:10)
  25 kobolds
  4 orc skeletons (D:10)
  10 orc zombies (D:10)
  21 rats
  2 bushes (D:10)
331 creatures vanquished.

Vanquished Creatures (others)
  A sky beast (D:5)
  A bush (D:10)
  1165 foxfires
  5 fungi
  35 plants
1207 creatures vanquished.

Grand Total: 1538 creatures vanquished

Notes
Turn   | Place    | Note
-------+----------+-------------------------------------------
     0 | D:1      | funkygono the Gargoyle Fire Elementalist began the quest
                  | for the Orb.
     0 | D:1      | Reached XP level 1. HP: 10/10 MP: 3/3
   128 | D:1      | Reached XP level 2. HP: 13/15 MP: 0/5
   166 | D:1      | Learned a level 2 spell: Scorch
   185 | D:1      | Found Imoptah's Magic Scroll Boutique.
   393 | D:1      | Reached XP level 3. HP: 19/19 MP: 1/6
   397 | D:1      | Learned a level 3 spell: Conjure Flame
   851 | D:1      | Found Joherhur's Jewellery Shop.
   856 | D:1      | Found Ixonn's Distillery.
   946 | D:1      | Found a faded altar of an unknown god.
   950 | D:1      | You fall into a shaft and drop 1 floor!
   995 | D:1      | Got Plato's Collected Works on Transmigration
  1409 | D:2      | Reached XP level 4. HP: 24/24 MP: 5/8
  1929 | D:2      | Reached skill level 4 in Fire Magic
  2095 | D:2      | Reached XP level 5. HP: 28/28 MP: 3/9
  2846 | D:3      | Noticed a water moccasin
  2850 | D:3      | Killed a water moccasin
  2851 | D:3      | Reached skill level 5 in Fire Magic
  2851 | D:3      | Reached XP level 6. HP: 28/32 MP: 5/12
  2856 | D:3      | Learned a level 4 spell: Flame Wave
  2909 | D:3      | Found a runed translucent door.
  2960 | D:3      | Noticed kal9871's ghost (amateur PaFi)
  3589 | D:4      | Noticed a black bear
  3596 | D:4      | Killed a black bear
  3597 | D:4      | Reached XP level 7. HP: 36/36 MP: 6/13
  3700 | D:4      | Got the Collected Works on Cloudy Execration
  3717 | D:4      | Reached skill level 1 in Armour
  4668 | D:5      | Entered Level 5 of the Dungeon
  4669 | D:5      | Noticed Ijyb
  4677 | D:5      | Killed Ijyb
  4678 | D:5      | Reached skill level 6 in Fire Magic
  4744 | D:5      | Reached skill level 5 in Spellcasting
  4806 | D:5      | Reached XP level 8. HP: 33/41 MP: 2/15
  5209 | D:5      | Reached skill level 7 in Fire Magic
  5327 | D:5      | Found a glowing drain.
  5336 | Sewer    | Entered a sewer
  5921 | Sewer    | Identified the +2 leather armour of Daygiufe {rF+}
  6757 | D:6      | Reached XP level 9. HP: 37/45 MP: 2/18
  6990 | D:6      | Reached skill level 5 in Conjurations
  7048 | D:6      | Reached skill level 8 in Fire Magic
  7224 | D:6      | Noticed Duvessa
  7229 | D:6      | Noticed Dowan
  7238 | D:6      | Killed Duvessa
  7243 | D:6      | Killed Dowan
  7826 | D:6      | Found an ornate altar of the Wu Jian Council.
  7854 | D:6      | Identified the +5 dagger of Thoughtfulness {holy, rCorr
                  | Int+4}
  7879 | D:6      | Noticed Grinder
  7892 | D:6      | Killed Grinder
  7892 | D:6      | Noticed Pikel
  8034 | D:6      | Killed Pikel
  8035 | D:6      | Reached skill level 9 in Fire Magic
  8489 | D:7      | Found a staircase to the Ecumenical Temple.
  8511 | Temple   | Entered the Ecumenical Temple
  8517 | Temple   | Became a worshipper of Vehumet
  8667 | D:7      | Identified the +10 hand axe "Lejojog" {drain, *Corrode
                  | Will+ Int+4 Dex+5}
  8915 | D:7      | Reached XP level 10. HP: 50/50 MP: 15/21
  8917 | D:7      | Noticed Harold
  8923 | D:7      | Killed Harold
  9187 | D:7      | Reached skill level 5 in Armour
  9917 | D:8      | Reached skill level 10 in Fire Magic
 10216 | D:8      | Reached * piety under Vehumet
 10216 | D:8      | Offered knowledge of Shock by Vehumet.
 10958 | D:9      | Found a shimmering altar of Xom.
 10980 | D:9      | Reached XP level 11. HP: 54/54 MP: 19/24
 11010 | D:9      | Found a sparkling altar of Nemelex Xobeh.
 11013 | D:9      | Found a runed translucent door.
 11163 | D:9      | Found a snail-covered altar of Cheibriados.
 11178 | D:9      | Found a sacrificial altar of Ru.
 11197 | D:9      | Noticed a flayed ghost
 11208 | D:9      | Reached skill level 1 in Maces & Flails
 11355 | D:9      | Found an iron altar of Okawaru.
 11403 | D:9      | Found an iron altar of Okawaru.
 11549 | D:9      | Found Pukoph's Antique Armour Boutique.
 11558 | D:9      | Bought a cloak for 90 gold pieces
 12005 | D:10     | Entered Level 10 of the Dungeon
 12014 | D:10     | Noticed a two-headed ogre
 12150 | D:10     | Killed a two-headed ogre
 12253 | D:10     | Noticed Maurice
 12262 | D:10     | Offered knowledge of Searing Ray by Vehumet.
 12264 | D:10     | Killed Maurice
 12265 | D:10     | Reached ** piety under Vehumet
 12266 | D:10     | Reached skill level 11 in Fire Magic
 12597 | D:10     | Found a staircase to the Orcish Mines.
 12722 | D:10     | Reached skill level 10 in Spellcasting
 13029 | D:10     | Found a staircase to the Lair.
 13055 | D:10     | Offered knowledge of Frozen Ramparts by Vehumet.
 13301 | D:10     | Reached *** piety under Vehumet
 13455 | D:10     | Noticed Gastronok
 13491 | D:10     | Killed Gastronok
 13645 | D:10     | Offered knowledge of Sticky Flame by Vehumet.
 13829 | D:10     | Learned a level 1 spell: Sting
 13835 | D:10     | Learned a level 5 spell: Lightning Bolt
 13840 | D:10     | Learned a level 4 spell: Olgreb's Toxic Radiance
 14066 | Lair:1   | Entered Level 1 of the Lair of Beasts
 14071 | Lair:1   | Reached XP level 12. HP: 60/60 MP: 22/26
 14161 | Lair:1   | Noticed a four-headed hydra
 14167 | D:10     | Reached skill level 12 in Fire Magic
 14320 | Lair:1   | Killed a four-headed hydra
 14547 | Lair:1   | Noticed an eight-headed hydra
 14671 | Lair:1   | HP: 2/60 [eight-headed hydra (6)]
 14672 | Lair:1   | Mangled by an eight-headed hydra

Illustrated notes

Levels and vault maps discovered:
D:1:      amcnicky_arrival_blooded_trapdoor, layout_rooms,
          shapermc_ecumenical_altar_rom_forum, serial_shops,
          nicolae_shop_waterfront, shop, shop, st_stairs_2,
          hangedman_decor_points
D:2:      cheibrodos_pilgrimage, layout_basic
D:3:      layout_loops_ring, ebering_ghost_sewer_d, kennysheep_generic_room_2
D:4:      layout_loops_corners, minmay_misc_feat_tiny, kennysheep_generic_room_6
D:5:      layout_basic, portal_sewer_entry_d, kennysheep_small_circle, uniq_ijyb
D:6:      layout_loops_ring, mainiacjoe_overflow_catwalk, columned_hall_lemuel,
          minmay_misc_feat_diagonals, uniq_grinder, uniq_pikel, uniq_duvessa
D:7:      layout_loops_ring, minmay_temple_entry_overgrown, uniq_harold
D:8:      layout_basic, minivault_4, nicolae_wwwww
D:9:      due_megacathedral, layout_long_grid, serial_shops, kennysheep_mini
D:10:     layout_rooms, minmay_lair_entry_grove, zombieorc2_lemuel,
          uniq_gastronok, uniq_maurice
Temple:   dpeg_three_leaves_temple
Lair:1:   layout_loops_ring, st_stairs_10, beast_lair_carwin_4,
          serial_bayou_shore_b

Skill      XL: |  1  2  3  4  5  6  7  8  9 10 11 12 |
---------------+-------------------------------------+-----
Conjurations   | 2 3 4 6 7 8 |  8.8
Fire Magic     | 4 5 6 7 9 10 11 12 | 12.1
Spellcasting   | 3 4 5 6 7 9 10 11 | 11.1
Armour         | 1 3 4 5 6 |  6.7
Dodging        | 2 |  2.6
Maces & Flails | 1 |  1.6
Fighting       | |  0.7
Stealth        | |  2.1
Shields        | |  0.6
Evocations     | |  0.2

Action                   |  1- 3 |  4- 6 |  7- 9 | 10-12 || total
-------------------------+-------+-------+-------+-------++-------
Melee: Unarmed           |     2 |       |       |       ||     2
       Whip              |     3 |     8 |    10 |    28 ||    49
       Morningstar       |       |       |     2 |       ||     2
 Cast: Foxfire           |    62 |    75 |   246 |   304 ||   687
       Scorch            |     6 |    14 |    45 |    60 ||   125
       Flame Wave        |       |       |       |    25 ||    25
Evoke: Wand              |       |       |       |     2 ||     2
  Use: Scroll            |     1 |     7 |     9 |     7 ||    24
       Potion            |       |       |     1 |     1 ||     2
Armor: Robe              |     9 |     5 |       |       ||    14
       Ring mail         |       |     1 |    75 |   117 ||   193
Dodge: Dodged            |    20 |    13 |    68 |   105 ||   206
Block: Other             |       |       |     4 |    44 ||    48
       Reflection        |       |       |     1 |     1 ||     2

Table legend: (Time is in decaauts)
 A = Elapsed time spent in this place.
 B = Non-inter-level travel time spent in this place.
 C = Inter-level travel time spent in this place.
 D = Time resting spent in this place.
 E = Time spent auto-exploring this place.
 F = Levels seen in this place.
 G = Mean time per level.
                   A        B        C        D        E       F      G
               +--------+--------+--------+--------+--------+-----+--------+
         Total |  14712 |  14429 |    283 |   1754 |   9596 |  13 | 1131.7 |
       Dungeon |  13475 |  13208 |    267 |   1754 |   8679 |  10 | 1347.5 |
        Temple |    111 |     96 |     15 |      0 |     85 |   1 |  111.0 |
          Lair |    127 |    127 |      0 |      0 |     62 |   1 |  127.0 |
         Sewer |    998 |    998 |      0 |      0 |    769 |   1 |  998.0 |
               +--------+--------+--------+--------+--------+-----+--------+

Top non-repeatable levels by time:
     D:9: 2018 daAuts
    D:10: 2006 daAuts
     D:6: 1612 daAuts
     D:4: 1240 daAuts
     D:1: 1199 daAuts
     D:2: 1164 daAuts
     D:7: 1149 daAuts
     D:5: 1135 daAuts
     D:3: 1067 daAuts
   Sewer: 998 daAuts
     D:8: 880 daAuts
  Lair:1: 127 daAuts
  Temple: 111 daAuts
